 Dungeon Crawl Stone Soup version 0.32-a0-768-g0f6f1dd4b9 (webtiles) character file.

Game seed: 8896572206771101414

1 Griffin23 the Shield-Bearer (level 1, -2/19 HPs)
             Began as a Minotaur Fighter on Mar 18, 2024.
             Slain by a kobold
             ... wielding a +0 club
              (4 damage)
             ... on level 1 of the Dungeon.
             The game lasted 00:00:23 (32 turns).

Griffin23 the Shield-Bearer (Minotaur Fighter)        Turns: 32, Time: 00:00:24

Health: -2/19      AC:  6    Str: 20    XL:     1   Next: 16%
Magic:  0/0        EV:  8    Int:  5    God:
Gold:   0          SH:  4    Dex:  9    Spells: 0/0 levels left

rFire   . . .        a - +0 long sword
rCold   . . .        c - +0 buckler
rNeg    . . .        b - +0 scale mail
rPois   .            (helmet restricted)
rElec   .            (no cloak)
rCorr   .            (no gloves)
SInv    .            (no boots)
Will    .....        (no amulet) Stlth
                     (no ring)
HPRegen 0.23/turn    (no ring)
MPRegen 0.07/turn

%: no passive effects
@: no status effects
A: horns 2, retaliatory headbutt
a: no special abilities


You were on level 1 of the Dungeon.
You visited 1 branch of the dungeon, and saw 1 of its levels.

Inventory:

Hand Weapons
 a - a +0 long sword (weapon)
Armour
 b - a +0 scale mail (worn)
 c - a +0 buckler (worn)
Potions
 d - a potion of might


   Skills:
 + Level 3.6 Fighting
 + Level 2.5 Long Blades
 + Level 3.6 Armour
 + Level 3.6 Shields


You couldn't memorise any spells.
You didn't know any spells.
Your spell library was empty.

Dungeon Overview and Level Annotations

Branches:
Dungeon (1/15)

Altars:


Innate Abilities, Weirdness & Mutations

You have a pair of horns on your head.
You reflexively headbutt those who attack you in melee.


Message History

You slash the goblin!
You kill the goblin!
You feel sick.
An endoplasm comes into view.
An endoplasm comes into view.
You feel sick.
The endoplasm quivers. x2
The ball python barely misses you. The ball python grabs you.
The ball python constricts you. You block the endoplasm's attack.
The kobold hits you with a +0 club. You block the ball python's attack.
The ball python constricts you.
You closely miss the ball python. You headbutt the ball python.
You kill the ball python!
You feel sick. The endoplasm freezes you.
You are frozen.
The kobold hits you but does no damage.
You are too injured to fight recklessly!
Unknown command.
You are too injured to fight recklessly!
Unknown command.
You are too injured to fight recklessly!
Unknown command.
You are too injured to fight recklessly!
Unknown command.
You are too injured to fight recklessly!
You are too injured to fight recklessly!
Unknown command.
You barely miss the kobold. Your headbutt misses the kobold.
You feel sick.
You are no longer poisoned.
The endoplasm hits you.
* * * LOW HITPOINT WARNING * * *
The kobold hits you with a +0 club.
* * * LOW HITPOINT WARNING * * *
The endoplasm hits you but does no damage.
You closely miss the kobold.
You headbutt the kobold, but do no damage.
The endoplasm closely misses you.
The endoplasm hits you but does no damage.
The kobold hits you with a +0 club.
You die...

.# .. #. .. ... #..
.##.... .. ..#.... #.
..J..# .####.##J....
......JKS.##...
###..@J......
#.....####..#
#.....###...#
#....Bg......
#.....##...##
#............
#..........g.
##.####.......
###########.............


You could see 4 endoplasms, a giant cockroach, a goblin, a ball python and a
kobold.

Vanquished Creatures
  A ball python (D:1)
  A goblin (D:1)
2 creatures vanquished.

Notes
Turn   | Place    | Note
-------+----------+-------------------------------------------
     0 | D:1      | Griffin23 the Minotaur Fighter began the quest for the Orb.
     0 | D:1      | Reached XP level 1. HP: 19/19 MP: 0/0
    32 | D:1      | Slain by a kobold

Illustrated notes

Levels and vault maps discovered:
D:1:      lightli_molten_gateway, layout_rooms, ebering_ecumenical_altar_rust,
          hangedman_decor_clover_reticule

Action                     || total
---------------------------++-------
  Melee: Long sword        ||     4
         Headbutt          ||     2
 Armour: Scale mail        ||    11
  Dodge: Dodged            ||     3
  Block: Buckler           ||     2

Table legend: (Time is in decaauts)
 A = Elapsed time spent in this place.
 B = Non-inter-level travel time spent in this place.
 C = Inter-level travel time spent in this place.
 D = Time resting spent in this place.
 E = Time spent auto-exploring this place.
 F = Levels seen in this place.
 G = Mean time per level.
                   A        B        C        D        E       F      G
               +--------+--------+--------+--------+--------+-----+--------+
         Total |     32 |     32 |      0 |      0 |     23 |   1 |   32.0 |
       Dungeon |     32 |     32 |      0 |      0 |     23 |   1 |   32.0 |
               +--------+--------+--------+--------+--------+-----+--------+

Top non-repeatable levels by time:
     D:1: 32 daAuts
